 Dungeon Crawl Stone Soup version 0.17-a0-1591-g7a45446 (webtiles) character file.

4680 urechis the Geomancer (level 10, -5/57 HPs)
             Began as a Gargoyle Earth Elementalist on July 29, 2015.
             Was a Priest of Vehumet.
             Slain by a hill giant
             ... wielding a +0 giant spiked club
              (44 damage)
             ... on level 10 of the Dungeon.
             The game lasted 00:31:33 (8636 turns).

urechis the Geomancer (Gargoyle Earth Elementalist) Turns: 8636, Time: 00:31:33

Health: -5/57      AC: 15    Str: 17    XL:     10   Next: 44%
Magic:  25/26      EV: 13    Int: 29    God:    Vehumet [***...]
Gold:   131        SH:  0    Dex: 10    Spells: 3 memorised, 11 levels left

rFire  + . .     SeeInvis .     b - +4 quarterstaff (chaos)
rCold  . . .     Clarity  .     N - +1 robe "Juxab" {*Drain rF+ Str+6 Int+4}
rNeg   + . .     SustAt   .     (no shield)
rPois  ∞         Gourm    .     E - +3 hat of Pondering {ponderous, MR+ MP+10 Int+5}
rElec  +         Spirit   .     u - +0 cloak
rCorr  .         Warding  .     o - +0 pair of gloves
rMut   .         Stasis   .     (no boots)
MR     +....                    (no amulet)
Stlth  ++........               (no ring)
                                (no ring)

@: slow, somewhat resistant to hostile enchantments, unstealthy
A: negative energy resistance 1, electricity resistance, unbreathing,
petrification resistance, rot immunity, AC +7
a: Renounce Religion


You were on level 10 of the Dungeon.
You worshipped Vehumet.
Vehumet was most pleased with you.
You were hungry.

You visited 2 branches of the dungeon, and saw 11 of its levels.

You collected 552 gold pieces.
You spent 421 gold pieces at shops.

Inventory:

Hand weapons
 b - a +4 quarterstaff of chaos (weapon)
Missiles
 a - 83 stones (quivered)
Armour
 o - a +0 pair of gloves (worn)
 u - a +0 cloak (worn)
 E - the +3 hat of Pondering (worn) {ponderous, MR+ MP+10 Int+5}
   (You found it on level 6 of the Dungeon)

   It affects your intelligence (+5).
   It affects your resistance to hostile enchantments.
   It affects your magic capacity (+10).
 N - the +1 robe "Juxab" (worn) {*Drain rF+ Str+6 Int+4}
   (You found it on level 10 of the Dungeon)

   It affects your strength (+6).
   It affects your intelligence (+4).
   It protects you from fire.
   It causes draining when unequipped.
Magical devices
 J - a wand of hasting (4)
Scrolls
 f - 5 scrolls of teleportation
 h - 3 scrolls of enchant weapon
 i - 5 scrolls of enchant armour
 l - 5 scrolls of remove curse
 m - a scroll of fear
 r - a scroll of immolation
 x - 4 scrolls of fog
 A - 2 scrolls of magic mapping
 G - 2 scrolls of amnesia
Potions
 e - a potion of lignification {unknown}
 j - a potion of invisibility {unknown}
 n - a potion of haste {unknown}
 s - 2 potions of magic
 t - 3 potions of heal wounds
 v - 2 potions of degeneration {unknown}
 w - 2 potions of poison {unknown}
 z - 4 potions of flight {unknown}
 B - 2 potions of beneficial mutation {unknown}
 D - a potion of ambrosia {unknown}
 F - a potion of curing {unknown}
 M - a potion of mutation {unknown}
 O - 2 potions of resistance {unknown}
Books
 c - a book of Geomancy

   Spells                             Type                      Level
   a - Sandblast                      Earth                        1
   b - Stoneskin                      Transmutation/Earth          2
   c - Passwall                       Transmutation/Earth          3
   d - Stone Arrow                    Conjuration/Earth            3
   e - Petrify                        Transmutation/Earth          4
   f - Lee's Rapid Deconstruction     Earth                        5
 p - a Grand Grimoire

   Spells                             Type                      Level
   a - Monstrous Menagerie            Summoning                    6
   b - Summon Greater Demon           Summoning                    7
   c - Malign Gateway                 Summoning/Translocation      7
   d - Summon Horrible Things         Summoning                    8
 y - a book of Frost

   Spells                             Type                      Level
   a - Freeze                         Ice                          1
   b - Throw Frost                    Conjuration/Ice              2
   c - Ozocubu's Armour               Charms/Ice                   3
   d - Throw Icicle                   Conjuration/Ice              4
   e - Summon Ice Beast               Ice/Summoning                4
   f - Condensation Shield            Ice                          4
 C - a book of Envenomations

   Spells                             Type                      Level
   a - Spider Form                    Transmutation/Poison         3
   b - Alistair's Intoxication        Transmutation/Poison         4
   c - Olgreb's Toxic Radiance        Poison                       4
   d - Poisonous Cloud                Conjuration/Poison/Air       6
 L - a book of Ice

   Spells                             Type                      Level
   a - Ice Form                       Ice/Transmutation            4
   b - Metabolic Englaciation         Hexes/Ice                    5
   c - Ozocubu's Refrigeration        Ice                          6
   d - Bolt of Cold                   Conjuration/Ice              6
   e - Freezing Cloud                 Conjuration/Ice/Air          6
   f - Simulacrum                     Ice/Necromancy               6
Comestibles
 d - 9 bread rations
 g - 6 meat rations
 k - a royal jelly
 q - 3 slices of pizza
 H - 2 beef jerkies


   Skills:
 + Level 4.2 Fighting
 * Level 5.4 Staves
 + Level 4.0 Armour
 + Level 3.4 Dodging
 - Level 2.1 Stealth
 + Level 4.4 Spellcasting
 - Level 0.7 Transmutations
 - Level 13.0 Earth Magic
 + Level 2.8 Evocations


You had 11 spell levels left.
You knew the following spells:

 Your Spells              Type           Power        Failure   Level  Hunger
a - Sandblast             Erth           ######       1%          1    None
b - Stoneskin             Trmt/Erth      #####...     1%          2    None
c - Stone Arrow           Conj/Erth      #####.       1%          3    ##.....


Dungeon Overview and Level Annotations

Branches:
Dungeon (10/15)            Temple (1/1) D:5            Lair (0/8) D:9
    Orc: D:9-12

Altars:
Ashenzari
Cheibriados
Dithmenos
Elyvilon
Fedhas
Gozag
Kikubaaqudgha
Makhleb
Nemelex Xobeh
Okawaru
Qazlal
Ru
Sif Muna
Trog
Vehumet
Xom
Yredelemnul
Zin
The Shining One

Shops:
D:4 (   D:7 *   D:8 }


Innate Abilities, Weirdness & Mutations

You are resistant to torment.
Your stone body is resilient (AC +7).
You are immune to poison.
You resist negative energy.
You are resistant to electric shocks.
You can survive without breathing.
You are immune to petrification.
You are immune to rotting.


Message History

Aim: a hill giant, wielding a giant spiked club (severely wounded)
The blast of sand hits the hill giant.
The hill giant is severely wounded.
The hill giant misses you.
You hit the hill giant.
The hill giant goes berserk!
The hill giant is severely wounded.
The hill giant closely misses you.
You hit the hill giant.
The hill giant seems to speed up.
The hill giant is severely wounded.
The hill giant closely misses you.
Casting: Sandblast
Confirm with . or Enter, or press ? or * to list all spells.
Aiming: Sandblast
Press: ? - help, Shift-Dir - straight line, f/p - hill giant
Aim: a hill giant, wielding a giant spiked club (severely wounded, berserk, fast, unusually strong)
The blast of sand hits the hill giant.
The hill giant is severely wounded.
The hill giant hits you with a giant spiked club!!!
Ouch! That really hurt!
You die...

#############.........##.#
# #.........##.# #
#.........##.# #
#.##.#.#####.# # ≈#
#.##.#.# #.# # ≈..
).##.#.# #.# #
≈.....##.#.# #.# # ≈....
#.# #.########
≈.....##@#.# #.........
≈.....rC...# ##########
;......#.### . ≈....$.#...
# ≈......#.### ### #
≈......#.# #<# ###
≈......... #.# #..
≈......... #.# #.# ≈.:....
.. #[# #.#


You could see a hill giant (berserk) and a quokka.

Vanquished Creatures
  A hill giant (D:10)
  Sigmund (D:6)
  Eustachio (D:6)
  A wyvern (D:9)
  2 hippogriffs
  Duvessa (D:6)
  A necrophage (D:9)
  2 orc warriors
  A porcupine (D:9)
  A wasp (D:8)
  An ice beast (D:7)
  3 phantoms
  6 ogres
  The ghost of emiel the Conjurer, an average CeCj (D:3)
  Blork the orc (D:5)
  4 giant frogs
  A wyvern skeleton (D:8)
  Dowan (D:6)
  2 scorpions
  A quasit (D:10)
  A crimson imp (D:5)
  3 hounds
  A jelly (D:5)
  A giant frog zombie (D:6)
  5 centaur skeletons
  Crazy Yiuf (D:2)
  6 worker ants
  2 giant frog skeletons
  4 orc priests
  8 orc wizards
  A hound skeleton (D:9)
  A worker ant zombie (D:6)
  3 gnolls (D:6)
  8 adders
  2 shadow imps
  4 oozes
  2 adder zombies
  An adder skeleton (D:4)
  19 orcs
  17 bats
  2 bat skeletons
  8 giant cockroaches
  16 hobgoblins
  11 jackals
  3 ball pythons
  A giant cockroach zombie (D:5)
  7 giant geckos
  6 giant newts
  9 goblins
  9 kobolds
  8 quokkas
  A quokka skeleton (D:8)
  18 rats
222 creatures vanquished.

Vanquished Creatures (collateral kills)
  A rat (D:3)
1 creature vanquished.

Grand Total: 223 creatures vanquished

Notes
Turn   | Place    | Note
--------------------------------------------------------------
     0 | D:1      | urechis the Gargoyle Earth Elementalist began the quest for the Orb.
     0 | D:1      | Reached XP level 1. HP: 10/10 MP: 3/3
   140 | D:1      | Reached skill level 4 in Earth Magic
   167 | D:1      | Reached XP level 2. HP: 15/15 MP: 0/5
   406 | D:1      | Reached skill level 5 in Earth Magic
   406 | D:1      | Reached XP level 3. HP: 19/19 MP: 1/6
  1176 | D:2      | Found a shattered altar of Ashenzari.
  1227 | D:2      | Found an ancient bone altar of Kikubaaqudgha.
  1227 | D:2      | Found a glowing silver altar of Zin.
  1528 | D:2      | Found a shimmering altar of Xom.
  1574 | D:2      | Reached XP level 4. HP: 24/24 MP: 3/7
  1643 | D:2      | Found a shimmering altar of Xom.
  1646 | D:2      | Found a shimmering altar of Xom.
  1647 | D:2      | Found a shimmering altar of Xom.
  1799 | D:2      | Reached skill level 6 in Earth Magic
  1877 | D:2      | Noticed Crazy Yiuf
  1883 | D:2      | Killed Crazy Yiuf
  2128 | D:3      | Learned a level 2 spell: Stoneskin
  2174 | D:3      | Reached XP level 5. HP: 23/28 MP: 8/8
  2204 | D:3      | Noticed emiel's ghost (average CeCj)
  2214 | D:3      | Killed emiel's ghost
  2214 | D:3      | Reached skill level 7 in Earth Magic
  2729 | D:3      | Reached XP level 6. HP: 26/32 MP: 9/9
  3091 | D:4      | Reached skill level 8 in Earth Magic
  3105 | D:4      | Found Pelir's Weapon Boutique.
  3185 | D:4      | Found a sparkling altar of Nemelex Xobeh.
  3186 | D:4      | Bought 29 stones for 31 gold pieces
  3243 | D:4      | Reached skill level 9 in Earth Magic
  3250 | D:4      | Found a bloodstained altar of Trog.
  3257 | D:4      | Reached XP level 7. HP: 16/36 MP: 10/10
  3678 | D:5      | Entered Level 5 of the Dungeon
  3809 | D:5      | Reached skill level 10 in Earth Magic
  4176 | D:5      | Reached skill level 11 in Earth Magic
  4176 | D:5      | Reached XP level 8. HP: 38/41 MP: 11/11
  4295 | D:5      | Noticed Blork the orc
  4310 | D:5      | Killed Blork the orc
  4406 | D:5      | Found a staircase to the Ecumenical Temple.
  4497 | Temple   | Entered the Ecumenical Temple
  4685 | Temple   | Became a worshipper of Vehumet
  4989 | D:6      | Reached skill level 12 in Earth Magic
  4999 | D:6      | Noticed Duvessa
  4999 | D:6      | Noticed Dowan
  5003 | D:6      | Noticed Eustachio
  5008 | D:6      | Killed Dowan
  5014 | D:6      | Killed Eustachio
  5019 | D:6      | Killed Duvessa
  5243 | D:6      | Reached skill level 13 in Earth Magic
  5307 | D:6      | Acquired Vehumet's first power
  5307 | D:6      | Offered knowledge of Magic Dart by Vehumet.
  5702 | D:6      | Noticed Sigmund
  5711 | D:6      | Killed Sigmund
  5711 | D:6      | Reached skill level 1 in Staves
  5711 | D:6      | Reached XP level 9. HP: 44/46 MP: 12/12
  5826 | D:7      | Reached skill level 1 in Fighting
  5826 | D:7      | Reached skill level 1 in Armour
  6093 | D:7      | Learned a level 3 spell: Stone Arrow
  6186 | D:7      | Found Fifuo's Assorted Antiques.
  6192 | D:7      | Bought a scroll labeled XIKKARCH YWIKHLU for 30 gold pieces
  6192 | D:7      | Bought a thick jewelled staff for 360 gold pieces
  6476 | D:8      | Reached skill level 1 in Evocations
  6553 | D:8      | Found Xina's Gadget Shop.
  6564 | D:8      | Noticed a centaur skeleton
  6575 | D:8      | Killed a centaur skeleton
  6627 | D:8      | Found a sacrificial altar of Ru.
  6634 | D:8      | Offered knowledge of Sting by Vehumet.
  6968 | D:8      | Reached XP level 10. HP: 38/56 MP: 15/15
  7420 | D:9      | Offered knowledge of Throw Frost by Vehumet.
  7677 | D:9      | Found a staircase to the Lair.
  8285 | D:9      | Reached skill level 5 in Staves
  8322 | D:10     | Entered Level 10 of the Dungeon
  8401 | D:10     | Noticed a hill giant
  8410 | D:10     | Killed a hill giant
  8410 | D:10     | Acquired Vehumet's second power
  8455 | D:10     | Got an opalescent robe
  8468 | D:10     | Identified the +1 robe "Juxab" {*Drain rF+ Str+6 Int+4} (You found it on level 10 of the Dungeon)
  8628 | D:10     | Noticed a hill giant
  8636 | D:10     | Slain by a hill giant

Vault maps used:
D:1:      sevenhm_arrival_forest_fort_large_4
D:2:      xom_redecorated, gammafunk_temple_overflow_forgotten,
          uniq_crazy_yiuf_cottage
D:3:      kennysheep_crisscross
D:4:      nemelex_deck, nicolae_overflow_crystal_walls, first_bread,
          serial_shops, shop_fountains, amethyst_killhole
D:5:      temple_doors_a, roderic_serpentine_path, uniq_blork_the_orc
D:6:      minmay_misc_feat_room, serial_bayou_pond_b, uniq_duvessa,
          uniq_eustachio, uniq_sigmund
D:7:      serial_shops, shop
D:8:      nicolae_ru_great_annihilating_truth, serial_shops, shop
D:10:     lemuel_troll_bridge
Temple:   chambers_temple_12

Action                   |  1- 3 |  4- 6 |  7- 9 | 10-12 || total
-------------------------+-------+-------+-------+-------++-------
Melee: Short sword       |    31 |    32 |       |       ||    63
       Quarterstaff      |       |    83 |   208 |    87 ||   378
Throw: Stone             |     5 |       |       |       ||     5
 Cast: Sandblast         |    49 |    19 |    96 |    25 ||   189
       Stoneskin         |       |     1 |     3 |     1 ||     5
       Stone Arrow       |       |       |     2 |       ||     2
  Use: Scroll            |       |       |    11 |     1 ||    12
 Stab: Sleeping          |       |     4 |     6 |     2 ||    12
       Paralysed         |       |       |     2 |     3 ||     5
  Eat: Chunk             |     3 |     5 |    13 |     6 ||    27
